[Event "84th Armenian-HL-ch 2024"]
[Site "Yerevan"]
[Date "2024.01.20"]
[Round "9.2"]
[White "Hovhannisyan, Robert"]
[Black "Davtyan, Artur"]
[Result "1-0"]
[ECO "C85"]
[WhiteElo "2611"]
[BlackElo "2477"]
[Annotator "TA"]
[PlyCount "93"]
[EventDate "2024.01.11"]
[EventType "tourn"]
[EventCountry "ARM"]
[SourceTitle "playchess.com"]
[Source "ChessBase"]
[SourceQuality "1"]
[TimeControl "40/5400+30:1800+30"]

1. e4 e5 2. Nf3 Nc6 3. Bb5 a6 4. Ba4 Nf6 5. O-O Be7 6. Bxc6 dxc6 7. Nc3 Bg4 8. h3 Bh5 $1 9. Qe2 $1 {[%emt 0:00:08][%mdl 4] outshines the older 9.g4. C85: Closed Ruy Lopez: Deferred Exchange Variation.} Nd7 10. g4 Bg6 11. d4 {[%emt 0:00:04] The position is equal.} exd4 12. Nxd4 h5 13. Nf5 hxg4 14. hxg4 {[%emt 0:00:17] Threatening Bf4.} Bxf5 15. exf5 {[%emt 0:00:41] [#]} Kf8 $146 ({Predecessor:} 15... O-O 16. Rd1 Re8 17. Qd3 Bd6 18. Qh3 g6 19. Kg2 Qf6 20. Rh1 Qg7 21. fxg6 fxg6 {1-0 Gerola,G (2476)-Sampieri,M (2439) ICCF GMN/002 email 2006}) 16. Bf4 Bd6 17. Bxd6+ cxd6 18. Kg2 $1 Kg8 (18... Qh4 $2 19. Rh1 Re8 20. Rxh4 $18) 19. Rh1 {[%emt 0:05:04] Active counter play!} Rxh1 20. Rxh1 {[%emt 0:00:05] Threatens to win with Qd3.} Qg5 {[%emt 0:00:07] [#]} (20... Qf6 $16 {is a better defense.}) 21. Kg3 $1 $18 {[%emt 0:03:30] Black must now prevent f4.} Qd8 22. f3 ({Only move:} 22. f4 $18 {Qh2 would be deadly.} Qe8 23. Qf3 (23. Qh2 Qe3+ 24. Kg2 Qd2+ 25. Kg3 Qxh2+ 26. Rxh2 Re8 $11)) 22... Qe8 $1 $14 23. Ne4 {[%emt 0:14:54] Hoping for Qh2.} (23. Qh2 Qe5+ 24. f4 Qe3+ 25. Kg2 Qd2+ 26. Kf3 Qxh2 27. Rxh2 d5 $11) 23... f6 24. c4 Nc5 25. Nc3 (25. Kf2 {simplifies} Nxe4+ 26. Qxe4 Qd7 27. Rd1) 25... b5 26. b4 ({Of course not} 26. Qh2 Qe5+ 27. Kh4 (27. f4 $2 Qe3+ 28. Kg2 Nd3 $19) 27... Qxh2+ 28. Rxh2 bxc4 $17) 26... Qxe2 27. Nxe2 $11 {[%emt 0:00:03][%mdl 4096] Endgame KRN-KRN} Nd3 28. c5 dxc5 29. bxc5 Re8 30. Nd4 Re1 31. Rxe1 Nxe1 $14 {[%emt 0:00:01] KN-KN} 32. Kf2 Nd3+ 33. Ke3 Nxc5 34. Nxc6 Kf7 35. Kd4 Na4 36. f4 Ke8 37. g5 Kd7 $2 {[%emt 0:00:43][%mdl 8192] Black cannot hold the game after this.} (37... Kf7 $11) 38. Nb8+ $18 Kd6 39. Nxa6 Nb6 40. Nb4 Nd7 {[%emt 0:00:00] [#]} 41. Nd5 $1 Kc6 42. a3 Kd6 43. Nc3 Kc6 44. Ne4 Nb6 45. gxf6 gxf6 46. Nxf6 Nc4 47. Nd5 {[%emt 0:34:36] Weighted Error Value: White=0.12 (very precise) /Black=0.30} 1-0

[Event "84th Armenian-HL-ch 2024"]
[Site "Yerevan"]
[Date "2024.01.20"]
[Round "9.3"]
[White "Harutyunyan, Tigran K."]
[Black "Ter-Sahakyan, Samvel"]
[Result "1-0"]
[ECO "A08"]
[WhiteElo "2523"]
[BlackElo "2649"]
[Annotator "TA"]
[PlyCount "86"]
[EventDate "2024.01.11"]
[EventType "tourn"]
[EventCountry "ARM"]
[SourceTitle "playchess.com"]
[Source "ChessBase"]
[SourceQuality "1"]
[TimeControl "40/5400+30:1800+30"]

1. Nf3 d5 2. g3 c5 3. Bg2 Nf6 4. O-O e6 5. d3 Nc6 6. Bf4 {[%emt 0:04:39][%cal Oe2e4] A08: King's Indian Attack.} Be7 7. e4 O-O 8. e5 {[%emt 0:07:30] The position is equal.} Nd7 9. h4 b5 10. Re1 Bb7 11. Nbd2 $1 Qc7 {[%emt 0:00:58] [#]} 12. c4 $146 {[%emt 0:03:45] cxd5 is the strong threat.} ({Predecessor:} 12. Qe2 Rfc8 13. h5 h6 14. Nf1 a5 15. N1h2 a4 16. a3 b4 17. Ng4 Bf8 18. Qd2 {½-½ Kuznetsova,M (1964)-Karmanova,O (2053) RUS-ch Higher League (Women) 71st 2021 (5)}) 12... bxc4 13. dxc4 Nb6 (13... Nb4 $5 ) 14. cxd5 $1 Nxd5 15. Bg5 Rfd8 16. a3 {[%emt 0:03:10] Against Ncb4} h6 17. Bxe7 Ndxe7 18. Qc2 Rd5 19. Rac1 Rb8 20. Nc4 Nf5 21. Nfd2 Ncd4 22. Qb1 Rd7 (22... Ba6 $5) 23. Ne4 Bd5 24. Ne3 Nxe3 (24... Qxe5 25. Nxc5 (25. Rxc5 Rxb2 26. Qa1 Qb8 $17) 25... Rd6 26. Nxd5 Ne2+ 27. Rxe2 Qxe2 28. b3 $16) 25. Rxe3 Nb3 {[%emt 0:00:31] [#]} (25... Qxe5 $2 26. Nxc5 Qd6 27. Nxd7 Qxd7 28. Bxd5 exd5 29. Qd3 $18) (25... Bxe4 $15 26. Bxe4 Nb3) 26. Rxb3 $1 $14 Bxb3 (26... Rxb3 27. Nxc5 (27. Rxc5 $2 Qb8 $19) 27... Rb5 28. Nxd7 Qxd7 29. Rd1 $16) 27. Nxc5 Rdd8 (27... Rd1+ $1 $14 28. Rxd1 Qxc5) 28. Nxb3 $16 {[%emt 0:01:30][%mdl 64] Discovered Attack} Qxe5 29. Rc3 a5 (29... Rbc8 $16 {was necessary.}) 30. Re3 ({Better is} 30. Qc1 $18) 30... Qf6 31. a4 $1 (31. Nxa5 $2 Rxb2 32. Qf1 Rd1 $19) 31... Rb4 {[%emt 0:00:13] [#]} 32. Bc6 $1 (32. Nxa5 $2 Rxb2 33. Qf1 Rd1 $19) 32... g5 {[%emt 0:00:52] [#]} 33. hxg5 (33. Nxa5 $2 Rxb2 34. Qf1 Rd1 $19) 33... hxg5 34. Qc2 (34. Nxa5 $2 Rxb2 35. Qf1 Rd1 $19) 34... Kg7 35. Kg2 (35. Nxa5 $2 {perishes.} Rxb2 36. Qc3 Rd1+ 37. Kh2 Rxf2+ 38. Bg2 Qxc3 39. Rxc3 Rdd2 $19) 35... Rh8 (35... g4 $16 36. Rc3 (36. Nxa5 $2 {loses.} Rxb2 $19) 36... Rdb8) 36. Qc3 $2 ({Inferior is} 36. Nxa5 Rxb2 37. Qc3 Rxf2+ 38. Kg1 Qxc3 39. Rxc3 Ra2 $15) (36. Qc5 $18 {is more deadly.}) 36... Qxc3 37. Rxc3 Rc8 38. Nxa5 {[%emt 0:00:44] aiming for b3.} Rxb2 39. Rf3 (39. Rc5 $16) 39... Ra2 (39... g4 $14 40. Re3 Rb4) 40. Bb5 Rc1 41. Nb3 Rb1 42. g4 Rbb2 (42... Re1 $16 43. Nc5 Rc2) 43. Nc1 Rb4 $2 {[%emt 0:02:52][%mdl 8192] A cool game by Harutyunyan.   Weighted Error Value: White=0.21 (precise) /Black=0.24 (precise)} 1-0

[Event "84th Armenian-HL-ch 2024"]
[Site "Yerevan"]
[Date "2024.01.20"]
[Round "9.4"]
[White "Gharibyan, Mamikon"]
[Black "Petrosyan, Manuel"]
[Result "0-1"]
[ECO "C84"]
[WhiteElo "2504"]
[BlackElo "2627"]
[Annotator "TA"]
[PlyCount "76"]
[EventDate "2024.01.11"]
[EventType "tourn"]
[EventCountry "ARM"]
[SourceTitle "playchess.com"]
[Source "ChessBase"]
[SourceQuality "1"]
[TimeControl "40/5400+30:1800+30"]

1. e4 e5 2. Nf3 Nc6 3. Bb5 a6 4. Ba4 Nf6 5. O-O Be7 6. d3 b5 7. Bb3 d6 8. Bd2 {[%emt 0:02:09] C84: Closed Ruy Lopez: Unusual White 6th moves.} O-O 9. h3 Rb8 {[%emt 0:06:24] [#]} 10. a4 $146 {[%emt 0:02:46] The position is equal.} ({Predecessor:} 10. Re1 Re8 11. a3 h6 12. Nc3 Bf8 13. Nd5 Nxd5 14. Bxd5 Ne7 15. Bb3 c5 16. a4 {1-0 Nihal,S (2688)-Salem,A (2639) Sharjah Alef Blitz 2023 (1)}) 10... b4 11. Be3 Na5 12. Ba2 {[%emt 0:00:29] [#]} b3 $1 13. Bxb3 Nxb3 14. cxb3 Be6 15. Nbd2 c5 16. Ng5 Bc8 17. f4 exf4 18. Bxf4 ({Of course not} 18. Rxf4 h6 19. Ngf3 Nh5 $17) 18... Rb7 (18... h6 $5 19. Ngf3 $8 Be6 $11) 19. Ngf3 Be6 20. Ng5 Bc8 21. Ngf3 h6 22. Qc2 Be6 23. Rac1 d5 24. e5 Nd7 25. d4 Rb4 26. Be3 c4 27. bxc4 dxc4 28. Ne4 $36 {[%emt 0:01:34][%mdl 2048] Black is under pressure.} Qb6 29. Rf2 Rb8 30. Nc3 Rxb2 31. Qe4 (31. Qxb2 {simplifies} Qxb2 32. Rxb2 Rxb2 33. d5) 31... Rxf2 32. Bxf2 {[%emt 0:03:12] With the idea Rb1.} Qb2 33. Rc2 Qa1+ {[%emt 0:00:05] [#]} (33... Qa3 $1 $11) 34. Kh2 $1 $16 {[%emt 0:00:22] d5 is the strong threat.} g6 35. Nd5 ({White should try} 35. Qc6 $16) 35... Bf8 $11 {[%emt 0:01:22] Threatens to win with ...Bf5.} 36. Ne3 {[%emt 0:00:37] Dodges Bf5. aiming for d5. Excellent horsemanship.} Rb1 $1 37. d5 ({Reject} 37. Nxc4 Bf5 38. Qd5 (38. Qe2 $2 Bxc2 39. Qxc2 Rc1 $17) 38... Bxc2 $17) (37. Bg1 $11 {keeps the balance.}) 37... Nf6 $17 {[%emt 0:00:32][%mdl 64] Deflection. Black is more active.} 38. Qxc4 $2 (38. exf6 $17 Bd6+ 39. Ne5 Bxe5+ 40. g3) 38... Rh1+ {[%emt 0:00:13] A cool game by Petrosyan.   Weighted Error Value: White=0.29 (precise) /Black=0.05 (flawless)} 0-1

[Event "84th Armenian-HL-ch 2024"]
[Site "Yerevan"]
[Date "2024.01.20"]
[Round "9.5"]
[White "Piliposyan, Robert"]
[Black "Chaqryan, Erik"]
[Result "1/2-1/2"]
[ECO "B11"]
[WhiteElo "2367"]
[BlackElo "2308"]
[Annotator "RC"]
[PlyCount "55"]
[EventDate "2024.01.11"]
[EventType "tourn"]
[EventCountry "ARM"]
[SourceTitle "playchess.com"]
[Source "ChessBase"]
[SourceQuality "1"]
[TimeControl "40/5400+30:1800+30"]

1. e4 c6 2. Nc3 d5 3. Nf3 dxe4 4. Nxe4 Nf6 5. Qe2 Nxe4 6. Qxe4 Qd5 7. Qh4 Qe6+ 8. Be2 Qg6 9. O-O Qg4 10. d4 Qxh4 11. Nxh4 g6 12. c3 Bg7 13. Bc4 Nd7 14. Re1 a5 15. a4 Nb6 16. Bb3 Nd5 17. Nf3 Bf5 18. Bg5 e6 19. Nh4 O-O 20. Nxf5 gxf5 21. h3 Bf6 22. Bh6 Rfd8 23. g4 fxg4 24. hxg4 b5 25. axb5 cxb5 26. Bd2 a4 27. Bc2 Rac8 28. Be4 1/2-1/2